ORI
UNIVERSITY OF SOUTHERN CALIFORNIA TROJANS @ COASTAL CAROLINA UNIVERSITY CHANTICLEERS
08/11/2047
 
TOP OF THE 1ST
University of Southern California Trojans batting - Pitching for Coastal Carolina University Chanticleers : LHP Rocco Calvocoressi
Pitching: LHP Rocco Calvocoressi
Batting: RHB Jochen Schanz 0-0: Foul Ball, location: 2F
0-1: Ball
1-1: SINGLE (Groundball, 4MD, EV 105.6 MPH)
Batting: RHB Rick Acevedo 0-0: Called Strike
0-1: Called Strike
0-2: Ball
1-2: Strikes out looking
Batting: SHB Jason Keys 0-0: Called Strike
0-1: Ball
1-1: Ball
2-1: Foul Ball, location: 2F
2-2: Strikes out looking
Batting: RHB Liangde Zhou 0-0: Called Strike
0-1: Ball
1-1: Ball
2-1: Ground out 5-3 (Groundball, 5S, EV 95.0 MPH)
Top of the 1st over - 0 runs, 1 hit, 0 errors, 1 left on base; University of Southern California 0 - Coastal Carolina University 0
BOTTOM OF THE 1ST
Coastal Carolina University Chanticleers batting - Pitching for University of Southern California Trojans : RHP Steve Depre
Pitching: RHP Steve Depre
Batting: RHB Tatsunori Ishigaki 0-0: Ball
1-0: Called Strike
1-1: Foul Ball, location: 2F
1-2: Foul Ball, location: 2F
1-2: Ground out 4-3 (Groundball, 4, EV 91.9 MPH)
Batting: RHB Chris Marcellus 0-0: Called Strike
0-1: Foul Ball, location: 2F
0-2: Strikes out swinging
Batting: RHB Dennis Bennett 0-0: Ball
1-0: Ball
2-0: Ball
3-0: Base on Balls
Batting: RHB Isaac Washington 0-0: Ball
1-0: Ball
Dennis Bennett is caught stealing 2nd base 2-4
Bottom of the 1st over - 0 runs, 0 hits, 0 errors, 0 left on base; University of Southern California 0 - Coastal Carolina University 0
TOP OF THE 2ND
University of Southern California Trojans batting - Pitching for Coastal Carolina University Chanticleers : LHP Rocco Calvocoressi
Batting: RHB Tri Kartini 0-0: Called Strike
0-1: Ball
1-1: Ball
2-1: Swinging Strike
2-2: Ball
3-2: Foul Ball, location: 2F
3-2: Strikes out swinging
Batting: LHB John Rumbolt 0-0: Ball
1-0: Called Strike
1-1: Foul Ball, location: 2F
1-2: Strikes out looking
Batting: LHB Brad Betterton 0-0: Called Strike
0-1: Ball
1-1: Foul Ball, location: 2F
1-2: Strikes out swinging
Top of the 2nd over - 0 runs, 0 hits, 0 errors, 0 left on base; University of Southern California 0 - Coastal Carolina University 0
BOTTOM OF THE 2ND
Coastal Carolina University Chanticleers batting - Pitching for University of Southern California Trojans : RHP Steve Depre
Batting: RHB Isaac Washington 0-0: Hit by Pitch
Batting: RHB Alex Montiel 0-0: Ball
1-0: Foul Ball, location: 2F
1-1: Called Strike
1-2: Ball
2-2: Ball
3-2: Foul Ball, location: 2F
3-2: Fielders Choice at 2nd, 4-6 (Groundball, 34D, EV 106.9 MPH)
Batting: LHB Justin Sanders 0-0: Called Strike
0-1: Ball
Alex Montiel is caught stealing 2nd base 2-6
1-1: Foul Ball, location: 2F
1-2: Foul Ball, location: 2F
1-2: Ball
2-2: Ball
3-2: Foul Ball, location: 2F
3-2: Ground out 6-3 (Groundball, 6, EV 90.0 MPH)
Bottom of the 2nd over - 0 runs, 0 hits, 0 errors, 0 left on base; University of Southern California 0 - Coastal Carolina University 0
TOP OF THE 3RD
University of Southern California Trojans batting - Pitching for Coastal Carolina University Chanticleers : LHP Rocco Calvocoressi
Batting: RHB Bobby Basoco 0-0: Ball
1-0: Ground out 4-3 (Groundball, P, EV 86.9 MPH)
Batting: RHB Jeremy McAbee 0-0: Ball
1-0: Fly out, F8 (Flyball, 8RM, EV 83.8 MPH)
Batting: RHB Jochen Schanz 0-0: Ball
1-0: Foul Ball, location: 2F
1-1: Foul Ball, location: 2F
1-2: Strikes out swinging
Top of the 3rd over - 0 runs, 0 hits, 0 errors, 0 left on base; University of Southern California 0 - Coastal Carolina University 0
BOTTOM OF THE 3RD
Coastal Carolina University Chanticleers batting - Pitching for University of Southern California Trojans : RHP Steve Depre
Batting: RHB Rene Napoles 0-0: Called Strike
0-1: Bunted foul
0-2: Foul Ball, location: 2F
0-2: Strikes out swinging, 2-3 out at first.
Batting: RHB Justin Klein 0-0: Swinging Strike
0-1: Ball
1-1: Swinging Strike
1-2: Ground out 4-3 (Groundball, 4, EV 89.4 MPH)
Batting: RHB Oscar Hernandez 0-0: Ball
1-0: Ball
2-0: Foul Ball, location: 2F
2-1: Foul Ball, location: 2F
2-2: SINGLE (Groundball, 56D, EV 103.1 MPH)
Batting: RHB Tatsunori Ishigaki 0-0: Fly out, F2 (Popup, 25F, EV 82.5 MPH)
Bottom of the 3rd over - 0 runs, 1 hit, 0 errors, 1 left on base; University of Southern California 0 - Coastal Carolina University 0
TOP OF THE 4TH
University of Southern California Trojans batting - Pitching for Coastal Carolina University Chanticleers : LHP Rocco Calvocoressi
Batting: RHB Rick Acevedo 0-0: Reached on error, E6 (Groundball, 6, EV 84.4 MPH)
Batting: SHB Jason Keys 0-0: Ball
1-0: Grounds into double play, 5-4-3 (Groundball, 56, EV 83.1 MPH)
Batting: RHB Liangde Zhou 0-0: Ball
1-0: Ball
2-0: SINGLE (Groundball, 15S, EV 71.2 MPH) (infield hit)
Batting: RHB Tri Kartini 0-0: Called Strike
Liangde Zhou is caught stealing 2nd base 2-4
Top of the 4th over - 0 runs, 1 hit, 1 error, 0 left on base; University of Southern California 0 - Coastal Carolina University 0
BOTTOM OF THE 4TH
Coastal Carolina University Chanticleers batting - Pitching for University of Southern California Trojans : RHP Steve Depre
Batting: RHB Chris Marcellus 0-0: Ball
1-0: Ball
2-0: Swinging Strike
2-1: Swinging Strike
2-2: Strikes out looking
Batting: RHB Dennis Bennett 0-0: Ground out 1-3 (Groundball, 15, EV 71.9 MPH)
Batting: RHB Isaac Washington 0-0: Ball
1-0: Ball
2-0: Ball
3-0: Called Strike
3-1: Foul Ball, location: 2F
3-2: Reached on error, E6 (Groundball, 6S, EV 85.0 MPH)
Batting: RHB Alex Montiel 0-0: Ball
1-0: Ball
2-0: SINGLE (Groundball, 56D, EV 95.6 MPH)
Isaac Washington to second
Batting: LHB Justin Sanders 0-0: Called Strike
0-1: Called Strike
0-2: Ball
1-2: Strikes out swinging
Bottom of the 4th over - 0 runs, 1 hit, 1 error, 2 left on base; University of Southern California 0 - Coastal Carolina University 0
TOP OF THE 5TH
University of Southern California Trojans batting - Pitching for Coastal Carolina University Chanticleers : LHP Rocco Calvocoressi
Pitching: LHP Chandler Doan
Now in RF: Chris McDaniel
Batting: RHB Tri Kartini 0-0: Called Strike
0-1: Ball
1-1: Foul Ball, location: 2F
1-2: Strikes out swinging
Batting: LHB John Rumbolt 0-0: Ball
1-0: Ball
2-0: Ball
3-0: Base on Balls
Batting: LHB Brad Betterton 0-0: Ball
1-0: Foul Ball, location: 2F
1-1: Swinging Strike
1-2: DOUBLE (Line Drive, 8RXD, EV 107.5 MPH)
John Rumbolt to third
Runner from 3rd tries for Home, SAFE, no throw by CF
Batting: RHB Bobby Basoco 0-0: Called Strike
0-1: Called Strike
0-2: Ball
1-2: Ball
2-2: Ball
3-2: Fly out, F8 (Flyball, 89D, EV 82.5 MPH)
Runner from 2nd tags up, SAFE at 3rd, no throw by CF
Batting: RHB Jeremy McAbee 0-0: Ball
1-0: Ball
2-0: Swinging Strike
2-1: Ball
3-1: Foul Ball, location: 2F
3-2: Base on Balls
Pinch Hitting: RHB Kasey Kasarda 0-0: Ball
1-0: Foul Ball, location: 2F
1-1: Swinging Strike
1-2: Foul Ball, location: 2F
1-2: Strikes out swinging
Top of the 5th over - 1 run, 1 hit, 0 errors, 2 left on base; University of Southern California 1 - Coastal Carolina University 0
BOTTOM OF THE 5TH
Coastal Carolina University Chanticleers batting - Pitching for University of Southern California Trojans : RHP Steve Depre
Pitching: RHP Gabe Hires
Now at 1B: Santiago Romero
Now at 2B: Joey Fields
Now at 3B: Edwin Figueroa
Pinch Hitting: LHB Nate Kokx 0-0: Called Strike
0-1: Ball
1-1: Ball
2-1: Fly out, F8 (Flyball, 8LM, EV 89.4 MPH)
Pinch Hitting: LHB Justin Kaller 0-0: Ball
1-0: Foul Ball, location: 2F
1-1: Ball
2-1: Called Strike
2-2: Foul Ball, location: 2F
2-2: Fly out, F9 (Flyball, 9D, EV 101.2 MPH)
Batting: RHB Oscar Hernandez 0-0: Ground out 6-3 (Groundball, 6, EV 88.8 MPH)
Bottom of the 5th over - 0 runs, 0 hits, 0 errors, 0 left on base; University of Southern California 1 - Coastal Carolina University 0
TOP OF THE 6TH
University of Southern California Trojans batting - Pitching for Coastal Carolina University Chanticleers : LHP Chandler Doan
Now at 1B: Nate Kokx
Now at SS: Ferri Casteleijn
Now in CF: Iher Waithaka
Pinch Hitting: RHB Dennis Tempel 0-0: Ball
1-0: Called Strike
1-1: Ball
2-1: SINGLE (Flyball, 7LS, EV 90.6 MPH)
Batting: RHB John Sandberg 0-0: Ball
1-0: Called Strike
1-1: Foul Ball, location: 2F
1-2: Strikes out looking
Pinch Hitting: LHB Roger Kean 0-0: Ball
1-0: SINGLE (Line Drive, 8LS, EV 111.9 MPH)
Dennis Tempel to second
Pitching: RHP Jim Eisinger
Batting: RHB Edwin Figueroa 0-0: Called Strike
0-1: Ball
1-1: Foul Ball, location: 2F
1-2: Ball
2-2: Fielders Choice at 2nd, 3-6 (Groundball, 34, EV 92.5 MPH)
Dennis Tempel to third
Batting: RHB Joey Fields 0-0: Ball
1-0: Called Strike
1-1: Ball
2-1: Foul Ball, location: 2F
2-2: Ball
3-2: Strikes out swinging
Top of the 6th over - 0 runs, 2 hits, 0 errors, 2 left on base; University of Southern California 1 - Coastal Carolina University 0
BOTTOM OF THE 6TH
Coastal Carolina University Chanticleers batting - Pitching for University of Southern California Trojans : RHP Gabe Hires
Pitching: RHP Kyle Barraza
Now in LF: Eli Evenson
Now in RF: Justin Veirs
Pinch Hitting: RHB Tristan Williams 0-0: Ball
1-0: Ball
2-0: Called Strike
2-1: Called Strike
2-2: Foul Ball, location: 2F
2-2: Foul Ball, location: 2F
2-2: Foul Ball, location: 2F
2-2: Foul Ball, location: 2F
2-2: Foul Ball, location: 2F
2-2: Foul Ball, location: 2F
2-2: Foul Ball, location: 2F
2-2: Foul Ball, location: 2F
2-2: Ground out 6-3 (Groundball, 6, EV 83.1 MPH)
Batting: RHB Chris McDaniel 0-0: Ball
1-0: Ball
2-0: Foul Ball, location: 2F
2-1: Ground out 5-3 (Groundball, 5S, EV 85.6 MPH)
Batting: LHB Milo Karadzic 0-0: Ball
1-0: Called Strike
1-1: Ball
2-1: Ball
3-1: Ground out U3 (Groundball, 13, EV 93.8 MPH)
Bottom of the 6th over - 0 runs, 0 hits, 0 errors, 0 left on base; University of Southern California 1 - Coastal Carolina University 0
TOP OF THE 7TH
University of Southern California Trojans batting - Pitching for Coastal Carolina University Chanticleers : RHP Jim Eisinger
Pitching: RHP Jeff Box
Now at C: Jeremy Stockwell
Now at 2B: Isaac Washington
Now at 3B: Tristan Williams
Now in LF: Chris McDaniel
Now in RF: Ramelan Nasution
Pinch Hitting: LHB Alonzo Catalan 0-0: Fly out, F9 (Flyball, 9, EV 90.0 MPH)
Batting: RHB Bobby Basoco 0-0: Called Strike
0-1: Fly out, F9 (Flyball, 89S, EV 78.8 MPH)
Batting: RHB Jeremy McAbee 0-0: Ball
1-0: Fly out, F8 (Line Drive, 89D, EV 89.4 MPH)
Top of the 7th over - 0 runs, 0 hits, 0 errors, 0 left on base; University of Southern California 1 - Coastal Carolina University 0
BOTTOM OF THE 7TH
Coastal Carolina University Chanticleers batting - Pitching for University of Southern California Trojans : RHP Kyle Barraza
Pitching: RHP Reed Bauer
Now at C: Dam Giap
Now in CF: George Hillock
Pinch Hitting: RHB Mike Grogan 0-0: Ball
1-0: Called Strike
1-1: Foul Ball, location: 2F
1-2: Ball
2-2: Foul Ball, location: 2F
2-2: Ball
3-2: Ground out 5-3 (Groundball, 56, EV 106.9 MPH)
Batting: LHB Ramelan Nasution 0-0: Ball
1-0: Called Strike
1-1: Called Strike
1-2: Strikes out swinging
Batting: RHB Ferri Casteleijn 0-0: Ball
1-0: Called Strike
1-1: Called Strike
1-2: Ball
2-2: SINGLE (Groundball, 4MD, EV 97.5 MPH)
Pitching: LHP Jaden Peay
Pinch Hitting: RHB I-po Lin 0-0: Called Strike
Ferri Casteleijn steals 2nd base (no throw)
0-1: Ball
1-1: Ball
2-1: Foul Ball, location: 2F
2-2: Foul Ball, location: 2F
2-2: Ball
3-2: Strikes out swinging
Bottom of the 7th over - 0 runs, 1 hit, 0 errors, 1 left on base; University of Southern California 1 - Coastal Carolina University 0
TOP OF THE 8TH
University of Southern California Trojans batting - Pitching for Coastal Carolina University Chanticleers : RHP Jeff Box
Now at 1B: I-po Lin
Now at 2B: Mike Grogan
Pinch Hitting: SHB Mhelter Daulong 0-0: Ball
1-0: Called Strike
1-1: Ball
2-1: Ground out 6-3 (Groundball, P, EV 86.2 MPH)
Batting: LHB Justin Veirs 0-0: Called Strike
0-1: Ground out 4-3 (Groundball, 4, EV 105.0 MPH)
Batting: RHB John Sandberg 0-0: Ball
1-0: Called Strike
1-1: Ground out 6-3 (Groundball, P, EV 89.4 MPH)
Top of the 8th over - 0 runs, 0 hits, 0 errors, 0 left on base; University of Southern California 1 - Coastal Carolina University 0
BOTTOM OF THE 8TH
Coastal Carolina University Chanticleers batting - Pitching for University of Southern California Trojans : LHP Jaden Peay
Pitching: LHP Bimo Kartini
Now at 1B: Joe Keough
Batting: SHB Iher Waithaka 0-0: Ball
1-0: Swinging Strike
1-1: Foul Ball, location: 2F
1-2: Ball
2-2: Strikes out swinging
Batting: LHB Jeremy Stockwell 0-0: Foul Ball, location: 2F
0-1: Foul Ball, location: 2F
0-2: Ball
1-2: Fly out, F4 (Popup, 4M, EV 56.2 MPH)
Batting: RHB Tristan Williams 0-0: Called Strike
0-1: Ball
1-1: Ball
2-1: Foul Ball, location: 2F
2-2: Ball
3-2: Fly out, F8 (Flyball, 89XD, EV 78.1 MPH)
Bottom of the 8th over - 0 runs, 0 hits, 0 errors, 0 left on base; University of Southern California 1 - Coastal Carolina University 0
TOP OF THE 9TH
University of Southern California Trojans batting - Pitching for Coastal Carolina University Chanticleers : RHP Jeff Box
Pitching: RHP Dorian Sander
Pinch Hitting: RHB Eduardo Mejorado 0-0: Ball
1-0: SINGLE (Line Drive, 8RS, EV 101.2 MPH)
Batting: RHB Edwin Figueroa 0-0: Foul Ball, location: 2F
0-1: Fielders Choice at 2nd, 1-4 (Groundball, P, EV 70.0 MPH)
Batting: RHB Joey Fields 0-0: Foul Ball, location: 2F
0-1: Ball
1-1: Fly out, F9 (Line Drive, 9, EV 103.8 MPH)
Batting: SHB George Hillock 0-0: Ball
1-0: Ball
2-0: Ball
3-0: Called Strike
3-1: Base on Balls
Edwin Figueroa to second
Pinch Hitting: RHB Jim Baltazar 0-0: Called Strike
0-1: Called Strike
0-2: Foul Ball, location: 2F
0-2: Ball
1-2: Ball
2-2: Strikes out swinging
Top of the 9th over - 0 runs, 1 hit, 0 errors, 2 left on base; University of Southern California 1 - Coastal Carolina University 0
BOTTOM OF THE 9TH
Coastal Carolina University Chanticleers batting - Pitching for University of Southern California Trojans : LHP Bimo Kartini
Pitching: RHP Yacob Onyebuchi
Now at C: Ashley Shepherd
Now in LF: Alberto Reyes
Batting: RHB Chris McDaniel 0-0: Ball
1-0: Ball
2-0: Called Strike
2-1: Foul Ball, location: 2F
2-2: Foul Ball, location: 2F
2-2: Ball
3-2: Fly out, F8 (Flyball, 8LD, EV 93.1 MPH)
Batting: LHB Milo Karadzic 0-0: Swinging Strike
0-1: Called Strike
0-2: Ball
1-2: SINGLE (Line Drive, 78D, EV 108.8 MPH)
Batting: RHB Mike Grogan 0-0: Ball
1-0: SINGLE (Groundball, 56D, EV 101.9 MPH)
Milo Karadzic to second
Pinch Runner at 2nd Mark Tart:
Batting: LHB Ramelan Nasution 0-0: Called Strike
0-1: Foul Ball, location: 2F
0-2: SINGLE (Groundball, 15S, EV 70.6 MPH) (infield hit)
Mark Tart to third
Mike Grogan to second
Pitching: RHP Tom Applebee
Batting: RHB Ferri Casteleijn 0-0: Ball
1-0: Ball
2-0: Single, Error in OF, E9, batter to second base (Groundball, 34, EV 94.4 MPH)
Mark Tart scores
Mike Grogan scores
Bottom of the 9th over - 2 runs, 4 hits, 1 error, 2 left on base; University of Southern California 1 - Coastal Carolina University 2
Thursday, December 15th , 2022 - OOTP Baseball 23.9 Build 102